Map: Thunderbird LE

Players

lIIllllIIlll (INnoVation)

  • Race: Terran Terran
  • League: Master
  • Spawn Location: 11:00

DPGPartinG (PartinG) - Winner!

  • Race: Protoss Protoss
  • Spawn Location: 5:00

Event: HomeStory Cup XX

VOD

Have the link to the VOD?

Description

Time

  • Played on: Nov. 21, 2019, 1:36 p.m.
  • Length: 11:37

All games in this series

Show
View Real Time Build Order
Export as new Build Order

lIIllllIIlll Terran 

Build Orders: Reaper Expand 

Get SALT Encoding   

  12  0:00  SCV  
  13  0:12  SCV  
  14  0:17  Supply Depot  
  14  0:24  SCV  
  15  0:38  SCV  
  15  0:41  Barracks  
  16  0:43  Refinery  
  16  0:50  SCV  
  17  1:02  SCV  
  18  1:14  SCV  
  19  1:27  Reaper  
  19  1:28  Orbital Command  
  20  1:40  Command Center  
  20  1:50  Supply Depot  
  20  1:53  SCV  
  21  1:59  Marine  
  22  2:05  SCV  
  23  2:09  Factory  
  23  2:18  Refinery, SCV  
  23  2:20  Barracks Reactor  
  24  2:30  SCV  
  25  2:42  SCV  
  26  2:52  Factory Tech Lab, Orbital Command  
  26  2:54  SCV  
  26  2:56  Marine x2  
  26  2:57  Starport  
  29  3:06  SCV  
  30  3:14  Marine x2  
  30  3:16  Cyclone  
  30  3:18  SCV  
  30  3:19  SCV  
  37  3:23  Supply Depot  
  37  3:30  SCV  
  37  3:32  Marine x2  
  41  3:34  SCV  
  41  3:35  Starport Tech Lab  
  41  3:42  SCV  
  41  3:46  Supply Depot, SCV  
  42  3:50  Marine x2  
  42  3:54  SCV  
  45  3:58  Raven  
  45  4:01  Command Center  
  47  4:07  Marine, SCV x2  
  47  4:08  Marine  
  51  4:21  Siege Tank, SCV  
  51  4:22  SCV, Barracks  
  56  4:25  Supply Depot  
  56  4:27  Marine x2  
  58  4:34  SCV x2  
  58  4:37  Barracks  
  60  4:40  Bunker  
  60  4:45  Marine x2  
  61  4:47  SCV x2  
  61  4:50  Refinery  
  61  4:51  Refinery  
  64  4:53  Supply Depot  
  64  4:59  SCV x2  
  66  5:03  Marine x2  
  68  5:08  Engineering Bay  
  68  5:13  SCV x2  
  70  5:16  Engineering Bay  
  70  5:19  Starport Reactor, Stimpack  
  70  5:20  Factory Reactor  
  70  5:22  Barracks  
  70  5:24  Barracks  
  70  5:28  Marine x2  
  72  5:33  Combat Shield  
  70  5:37  Terran Infantry Weapons Level 1  
  70  5:41  Terran Infantry Armor Level 1  
  70  5:44  Marauder x2  
  70  5:49  Orbital Command  
  74  5:52  Marine x2  
  76  5:58  Widow Mine x2  
  76  5:59  Medivac  
  76  6:03  Medivac  
  84  6:04  Supply Depot  
  84  6:06  Supply Depot  
  84  6:10  Marine x2, Barracks Reactor  
  85  6:12  Barracks Tech Lab  
  85  6:20  Widow Mine  
  85  6:21  Supply Depot  
  85  6:22  Widow Mine  
  89  6:29  Marine, Marauder x2  
  89  6:30  Marine  
  88  6:34  Medivac  
  88  6:39  Medivac, Supply Depot  
  92  6:41  Orbital Command  
  92  6:44  Widow Mine x2  
  96  6:52  Marine x2, Marauder x3  
  96  6:54  Marine  
  100  6:55  Marine  
  100  6:59  Concussive Shells  
  100  7:06  Widow Mine x2  
  100  7:07  Supply Depot  
  104  7:13  Marauder x3, Marine x2  
  104  7:14  Marine x2  
  114  7:18  Medivac  
  116  7:24  Supply Depot  
  116  7:25  Medivac  
  116  7:29  Widow Mine  
  120  7:31  Marine x3, Widow Mine  
  120  7:32  Marine  
  126  7:47  Marauder x3  
  126  7:50  Marine  
  126  7:51  Marine x3  
  135  7:54  Widow Mine x2  
  130  8:06  Medivac x2  
  130  8:08  Marauder x3  
  133  8:13  Marine x4  
  122  8:28  Widow Mine x2  
  122  8:29  Marauder  
  122  8:30  Marauder  
  122  8:31  Marauder  
  122  8:33  Marine  
  122  8:34  Marine x2  
  113  8:42  Medivac x2  
  104  8:51  Marauder x2  
  104  8:53  Marauder  
  104  8:54  Marine x4  
  110  8:55  Widow Mine  
  110  8:56  Widow Mine  
  79  9:12  Marauder x2  
  79  9:13  Marine x4  
  79  9:14  Ghost Academy  
  87  9:18  Widow Mine x2  
  87  9:21  Medivac x2  
  95  9:30  Marauder  
  93  9:34  Marauder x2, Marine  
  93  9:35  Marine x3  
  101  9:40  Widow Mine  
  101  9:41  Widow Mine  
  105  9:51  Ghost  
  105  9:52  Marine x2  
  107  9:53  Marine x2  
  107  9:54  Supply Depot  
  107  9:55  Ghost  
  113  10:05  Ghost  
  103  10:09  SCV x3  
  103  10:10  Widow Mine, Marine x3  
  103  10:11  Marine  
  103  10:12  Widow Mine  
  112  10:17  Refinery x2  
  105  10:29  Marine x2  
  105  10:30  Marauder x2, Marine x2, Medivac  
  105  10:32  Widow Mine  
  105  10:33  Widow Mine  
  105  10:34  Marauder  
  121  10:41  Medivac  
  123  10:47  Marine x3  
  123  10:48  Marine  
  127  10:51  Marauder x2  
  127  10:54  Widow Mine  
  127  10:56  Marauder  
  132  11:00  Orbital Command  
  131  11:12  Marauder  
  131  11:15  Marine, Marauder  
Show
View Real Time Build Order
Export as new Build Order

DPGPartinG Protoss - Winner!

Build Orders: 1 Gate Expand, Phoenix Opening, Zealot Archon 

Get SALT Encoding   

  12  0:00  Probe  
  13  0:12  Probe  
  14  0:17  Pylon  
  14  0:24  Probe  
  15  0:29  Assimilator  
  15  0:33  Probe  
  15  0:41  Probe  
  15  0:42  Gateway  
  17  0:51  Probe  
  18  1:03  Probe  
  19  1:15  Probe  
  20  1:23  Nexus  
  20  1:32  Cybernetics Core  
  20  1:35  Probe  
  21  1:40  Assimilator  
  21  1:47  Probe  
  21  1:49  Pylon  
  22  1:58  Adept  
  22  1:59  Probe  
  23  2:13  Probe, Stargate  
  26  2:16  Warp Gate  
  26  2:25  Probe  
  26  2:28  Stalker  
  29  2:31  Probe  
  30  2:38  Probe  
  30  2:40  Probe  
  32  2:48  Phoenix  
  32  2:49  Probe  
  32  2:50  Probe  
  36  2:58  Adept  
  36  3:02  Probe x2  
  40  3:07  Phoenix  
  40  3:08  Pylon  
  40  3:14  Probe x2  
  44  3:26  Probe x2  
  46  3:36  Phoenix  
  46  3:38  Probe x2  
  50  3:45  Nexus  
  50  3:51  Pylon, Probe  
  50  3:54  Probe  
  52  3:56  Phoenix  
  52  3:57  Assimilator  
  52  4:02  Pylon  
  52  4:09  Probe x2  
  56  4:12  Gateway  
  56  4:18  Gateway  
  56  4:21  Probe x2  
  58  4:28  Twilight Council  
  58  4:31  Forge  
  58  4:35  Phoenix  
  58  4:36  Protoss Ground Armor Level 1  
  58  4:37  Pylon, Probe x2  
  60  4:39  Sentry  
  60  4:45  Charge  
  64  4:50  Probe x2  
  64  4:52  Pylon  
  66  4:58  Probe  
  67  5:02  Probe x2  
  69  5:10  Probe  
  69  5:12  Gateway  
  69  5:13  Gateway  
  70  5:16  Gateway  
  70  5:18  Sentry  
  70  5:20  Zealot  
  74  5:22  Probe x2  
  74  5:23  Probe  
  74  5:26  Zealot  
  79  5:34  Probe x2  
  79  5:35  Probe  
  82  5:37  Robotics Facility  
  82  5:39  Pylon  
  82  5:50  Probe x3  
  82  5:51  Gateway  
  82  5:53  Gateway, Zealot x3  
  91  5:57  Pylon  
  91  6:01  Assimilator  
  91  6:02  Probe x2  
  93  6:05  Pylon  
  93  6:10  Templar Archives  
  93  6:14  Zealot x4  
  101  6:21  Warp Prism  
  101  6:24  Blink  
  101  6:30  Zealot x2  
  105  6:36  Assimilator, Probe x2  
  107  6:40  Assimilator  
  107  6:42  Zealot x4  
  107  6:43  Protoss Ground Armor Level 2  
  115  6:51  Zealot x4  
  123  7:02  Nexus  
  123  7:04  Pylon  
  119  7:10  Phoenix  
  119  7:12  High Templar x3  
  125  7:18  Archon  
  125  7:21  Pylon  
  125  7:23  Pylon  
  125  7:24  Pylon  
  125  7:25  Pylon  
  125  7:28  Zealot x3  
  132  7:31  High Templar  
  133  7:37  Phoenix  
  133  7:38  Archon  
  135  7:45  Pylon  
  135  7:48  Zealot x4  
  141  7:55  Pylon, High Templar x2, Zealot  
  141  7:56  Observer  
  148  7:59  Archon  
  148  8:04  Zealot  
  148  8:08  Probe x2  
  148  8:10  Stalker x4  
  147  8:19  Zealot  
  149  8:25  Zealot  
  148  8:27  Probe x3  
  148  8:32  Zealot x2  
  154  8:37  Stalker x2  
  154  8:40  Stalker x3  
  111  8:52  Zealot x3  
  107  9:02  Zealot x2  
  105  9:14  Probe  
  105  9:15  Probe x2  
  105  9:16  Protoss Ground Weapons Level 1  
  108  9:21  Assimilator  
  108  9:24  High Templar x2  
  108  9:25  Zealot x6  
  108  9:26  Probe  
  108  9:28  Probe  
  125  9:31  Archon  
  125  9:36  Probe  
  126  9:38  Robotics Bay  
  126  9:40  Observer  
  126  9:44  Probe x3  
  131  9:47  Pylon  
  131  9:51  Zealot x5  
  131  9:52  Probe, Zealot  
  143  9:55  Observer  
  143  9:56  Forge, Probe  
  145  10:04  Psionic Storm  
  118  10:09  Zealot x2  
  118  10:13  Colossus  
  118  10:14  Zealot x6  
  126  10:35  High Templar x4, Zealot x2  
  130  10:36  Zealot x2  
  130  10:37  Assimilator  
  130  10:39  Assimilator  
  138  10:51  Zealot  
  140  10:57  Sentry  
  140  10:58  Sentry x2  
  144  11:10  Zealot  
  144  11:11  Zealot x4  
  155  11:23  Zealot x3  
  129  11:32  Archon  
  129  11:33  Archon  
Tags
 
Add a new tag
Caveats
  • Supply blocks, unpowered buildings, or Contaminate may cause inaccurate times.
  • Supply counts are checked every 10 seconds.